 Dungeon Crawl Stone Soup version 0.31-a0-473-g61b50ae490 (webtiles) character file.

Game seed: 6738119093691083277

45 MisterAzrael the Ruffian (level 3, -4/23 HPs)
             Began as an Octopode Shapeshifter on Aug 7, 2023.
             Slain by a gnoll
             ... wielding a +0 club
              (7 damage)
             ... on level 3 of the Dungeon.
             The game lasted 00:01:29 (1187 turns).

MisterAzrael the Ruffian (Octopode Shapeshifter)    Turns: 1187, Time: 00:01:29

Health: -4/23      AC:  1    Str: 22    XL:     3   Next: 64%
Magic:  3/3        EV: 13    Int: 10    God:
Gold:   50         SH:  0    Dex: 12    Spells: 2/2 levels left

rFire   . .          .
                       - Unarmed
rCold   . . .        (no shield)
rNeg    . . .        (helmet currently unavailable)
rPois   .            (no amulet)
rElec   .            j - +6 ring of strength
rCorr   .            (no ring)
SInv    .            (no ring)
Will    .....        (no ring)
Stlth   ++           (no ring)
HPRegen 0.23/turn    (no ring)
MPRegen 0.08/turn    (no ring)
                     (no ring)

%: no passive effects
@: beast-form, hasted, very quick
A: beast (slay +2), almost no armour, amphibious, 8 rings, camouflage 1,
gelatinous body 1, (nimble swimmer 1), tentacles
a: Begin Untransformation


You were on level 3 of the Dungeon.
You were a hulking beast.
You visited 1 branch of the dungeon, and saw 3 of its levels.

You collected 50 gold pieces.

Inventory:

Magical Staves
 c - a staff of death
Jewellery
 j - a +6 ring of strength (left tentacle)
Talismans
 b - a beast talisman (active)
Scrolls
 f - a scroll of immolation {unknown}
 g - a scroll of teleportation {unknown}
 h - a scroll of poison {unknown}
 k - a scroll of noise {unknown}
 l - a scroll of identify {unknown}
Potions
 a - a potion of lignification
 d - a potion of curing {unknown}
 e - 2 potions of haste
 i - a potion of might {unknown}


   Skills:
 - Level 1.0 Fighting
 - Level 2.0 Dodging
 + Level 4.5 Unarmed Combat
 - Level 3.0 Shapeshifting


You had 2 spell levels left.
You didn't know any spells.
Your spell library was empty.

Dungeon Overview and Level Annotations

Branches:
Dungeon (2/15)

Altars:


Innate Abilities, Weirdness & Mutations

You are a hulking beast.
Your limbs bulge with bestial killing power. (Slay +2)
You cannot wear most types of armour.
You are amphibious.
You can wear up to eight rings at the same time.
Your skin changes colour to match your surroundings (Stealth+).
Your rubbery body absorbs attacks. (AC +1, EV +1)
((You are camouflaged when in or above water. (Stealth+)))
You have tentacles for arms and can constrict up to eight enemies at once.


Message History

You tentacle-slap the hobgoblin.
You kill the hobgoblin!
No target in view!
HP restored.
l - a scroll labelled GEMMASTR KOISONT No target in view!
No target in view!
No target in view!
A gnoll comes into view. It is wielding a +0 whip.
Found a stone staircase leading down.
A gnoll is nearby! 2 gnolls come into view.
Found a scroll labelled DAANOCIEGGUEGH and 3 gold pieces.
The gnoll shouts! x2
A gnoll comes into view. It is wielding a +0 whip.
The gnoll shouts! x2
Found 9 gold pieces.
Found an escape hatch in the ceiling.
An endoplasm comes into view.
You tentacle-slap the gnoll. Your grab misses the gnoll.
The gnoll is moderately wounded.
The gnoll closely misses you.
You bludgeon the gnoll! Your grab misses the gnoll.
The gnoll is almost dead.
You tentacle-slap the gnoll. You grab the gnoll.
The gnoll is heavily wounded.
You constrict the gnoll, but do no damage.
You tentacle-slap the gnoll.
The gnoll is heavily wounded.
You constrict the gnoll.
The gnoll struggles to escape constriction.
You bludgeon the gnoll!
You kill the gnoll!
The gnoll hits you with a +0 club! The gnoll hits you with a +0 whip!
You see here a +0 whip.
The gnoll attacks as you move away! The gnoll hits you with a +0 whip.
* * * LOW HITPOINT WARNING * * *
It was a potion of haste.
You feel yourself speed up. The gnoll hits you with a +0 club!
You die...

......########
.............#
............# ##
###........# ########## .#
#........###........# .#
#.........##.........
#######..........#....$....
.#.............#.#J........
.#.............#hggg....#
...†.....###########....?..
.........# .g.>...
.........# .......
.........# ....$..
#....)...# .......
########## ...<... ....J..


You could see 3 gnolls and an endoplasm.

Vanquished Creatures
  A gnoll (D:3)
  6 bats
  3 endoplasms (D:1)
  2 goblins
  5 hobgoblins
  6 kobolds
  3 quokkas (D:1)
  3 ball pythons (D:1)
  2 frilled lizards (D:2)
  2 rats
33 creatures vanquished.

Notes
Turn   | Place    | Note
-------+----------+-------------------------------------------
     0 | D:1      | MisterAzrael the Octopode Shapeshifter began the quest for
                  | the Orb.
     0 | D:1      | Reached XP level 1. HP: 13/13 MP: 1/1
   262 | D:1      | Reached XP level 2. HP: 18/18 MP: 2/2
   503 | D:1      | Reached skill level 4 in Unarmed Combat
   533 | D:1      | Reached XP level 3. HP: 23/23 MP: 3/3
  1106 | D:2      | You fall into a shaft and drop 1 floor!
  1187 | D:3      | Slain by a gnoll

Illustrated notes

Levels and vault maps discovered:
D:1:      saegor_arrival_simple_a, layout_loops_cross
D:2:      layout_basic, minmay_misc_feat_ornament, chequers_arboretum,
          grunt_decor_resistance
D:3:      layout_basic, mainiacjoe_overflow_brackets, serial_shops,
          nicolae_shop_behind_doors, grunt_ministairs_15, hangedman_decor_push,
          amcnicky_mini_pool_small, uniq_robin

Skill      XL: |  1  2 |
---------------+-------+-----
Unarmed Combat | 4 |  4.5
Fighting       | |  1.0
Dodging        | |  2.0
Shapeshifting  | |  3.0

Action                     || total
---------------------------++-------
  Melee: Unarmed           ||    53
         Constrict         ||    10
         Tentacles         ||     6
         Punch             ||     2
    Use: Potion            ||     1
   Stab: Sleeping          ||    10
 Armour: Skin              ||     4
  Dodge: Dodged            ||    13

Table legend: (Time is in decaauts)
 A = Elapsed time spent in this place.
 B = Non-inter-level travel time spent in this place.
 C = Inter-level travel time spent in this place.
 D = Time resting spent in this place.
 E = Time spent auto-exploring this place.
 F = Levels seen in this place.
 G = Mean time per level.
                   A        B        C        D        E       F      G
               +--------+--------+--------+--------+--------+-----+--------+
         Total |   1181 |   1170 |     11 |    194 |    780 |   3 |  393.7 |
       Dungeon |   1181 |   1170 |     11 |    194 |    780 |   3 |  393.7 |
               +--------+--------+--------+--------+--------+-----+--------+

Top non-repeatable levels by time:
     D:1: 807 daAuts
     D:2: 294 daAuts
     D:3: 79 daAuts
